 Dungeon Crawl Stone Soup version 0.17-a0-2208-ge5ab1d3 (webtiles) character file.

529 mrath the Ducker (level 7, 0/52 HPs)
             Began as a Merfolk Ice Elementalist on Oct 27, 2015.
             Succumbed to esc's ghost's poison
             ... on level 4 of the Dungeon.
             The game lasted 01:20:06 (9385 turns).

mrath the Ducker (Merfolk Ice Elementalist)         Turns: 9385, Time: 01:20:06

Health: 0/52       AC:  4    Str:  9    XL:     7   Next: 23%
Magic:  12/12      EV: 15    Int: 14    God:
Gold:   308        SH:  0    Dex: 16    Spells: 3 memorised, 6 levels left

rFire  . . .     SeeInvis .     i - +0 blowgun
rCold  + . .     Clarity  .     a - +1 robe
rNeg   . . .     SustAt   .     (no shield)
rPois  .         Gourm    .     (no helmet)
rElec  .         Spirit   .     v - +0 cloak
rCorr  .         Warding  .     (no gloves)
rMut   .         Stasis   .     (no boots)
MR     .....                    (no amulet)
Stlth  +.........               D - ring of protection from cold
                                (no ring)

@: lethally poisoned (0 -> -6), glowing, not resistant to hostile enchantments,
very unstealthy
A: change form in water, swift swim
a: no special abilities


You were on level 4 of the Dungeon.
You were not hungry.

You visited 1 branch of the dungeon, and saw 4 of its levels.
You also visited: Sewer.

You collected 308 gold pieces.

Inventory:

Hand Weapons
 d - a +0 hand axe
 i - a +0 blowgun (weapon)
 m - a cursed -2 hand axe
 o - a +0 hunting sling
 B - a cursed -2 short sword
 C - a +3 halberd
 E - a +4 short sword
 F - a +0 trident
 H - a +0 flail
 I - a +1 short sword of venom
 J - a +0 whip of flaming
Missiles
 e - 427 stones
 w - 15 poisoned needles (quivered)
 x - 3 silver javelins
 z - 2 curare-tipped needles
 K - 20 sling bullets
Armour
 a - a +1 robe (worn)
 v - a +0 cloak (worn)
 G - a +0 leather armour
Jewellery
 D - a ring of protection from cold (right hand)
Scrolls
 h - a scroll of enchant armour
 k - 2 scrolls of remove curse
 l - 2 scrolls of fear {unknown}
 n - 3 scrolls of teleportation {unknown}
 p - 2 scrolls of immolation {unknown}
 s - 2 scrolls of magic mapping {unknown}
 u - a scroll of recharging {unknown}
 y - a scroll of amnesia {unknown}
 L - a scroll of identify {unknown}
Potions
 f - 6 potions of curing {unknown}
 g - a potion of haste {unknown}
 j - 3 potions of might {unknown}
 q - 4 potions of degeneration {unknown}
 r - 5 potions of heal wounds {unknown}
 A - 2 potions of magic {unknown}
Books
 b - a book of Frost

   Spells                             Type                      Level
   a - Freeze                         Ice                          1
   b - Throw Frost                    Conjuration/Ice              2
   c - Ozocubu's Armour               Charms/Ice                   3
   d - Throw Icicle                   Conjuration/Ice              4
   e - Summon Ice Beast               Ice/Summoning                4
   f - Condensation Shield            Ice                          4
Comestibles
 c - 4 bread rations
 t - 3 meat rations


   Skills:
 + Level 3.5 Fighting
 + Level 3.9 Polearms
 + Level 5.4 Dodging
 - Level 2.1 Stealth
 + Level 3.4 Spellcasting
 - Level 0.7 Conjurations
 + Level 0.0 Charms
 + Level 4.8 Ice Magic


You had 6 spell levels left.
You knew the following spells:

 Your Spells              Type           Power        Failure   Level  Hunger
a - Freeze                Ice            ###.         2%          1    #......
b - Throw Frost           Conj/Ice       ##....       12%         2    ##.....
c - Ozocubu's Armour      Chrm/Ice       #.......     24%         3    ###....


Dungeon Overview and Level Annotations

Branches:
Dungeon (4/15)
 Temple: D:4-7

Altars:
Elyvilon
Makhleb
Trog
Zin

Annotations:
D:4 esc's ghost, novice SpEn


Message History

You are confused.
There is an open door, spattered with blood here.
You bump into the rock wall.
You bump into the rock wall.
Esc's ghost points at you and mumbles some strange words.
The spray of energy hits you!
* * * LOW HITPOINT WARNING * * *
Esc's ghost hits you.
* * * LOW HITPOINT WARNING * * *
You are lethally poisoned!
You bump into the rock wall.
* * * LOW HITPOINT WARNING * * *
You feel sick. Esc's ghost casts a spell at you.
You are outlined in light.
You're too confused to move!
You feel less confused.
* * * LOW HITPOINT WARNING * * *
You feel sick. Esc's ghost barely misses you.
You die...

(####+#######.##.####+##...#
..........###.##.###..###'##
..........'................#
..........#................#
..........#................#
..........#................#
..........#..###.###.###...#
#'##+#....#'####.###.####'##
.....#....#...#.@+....#....#
.....#....#...#..#....#....#
.....'....#...W..#....#....#
.....#....'...#..#....'....#
.###'#....#.###'####'####..#
#.......####..........<#..#
#.......# #...........'..#
+.......# #...........#..#
#.......# #...........#..#


You could see esc's ghost.

Vanquished Creatures
  An orc wizard (D:3)
  2 orc priests (D:3)
  A worker ant (D:4)
  16 gnolls (D:3)
  7 adders
  An ooze (D:3)
  2 worms
  3 giant geckos
  15 orcs (D:3)
  6 ball pythons
  8 bats
  5 giant cockroaches
  35 goblins
  27 hobgoblins
  5 jackals (Sewer)
  24 kobolds
  2 quokkas
  6 giant newts
  15 rats
  5 plants (Sewer)
186 creatures vanquished.

Notes
Turn   | Place    | Note
--------------------------------------------------------------
     0 | D:1      | mrath the Merfolk Ice Elementalist began the quest for the Orb.
     0 | D:1      | Reached XP level 1. HP: 13/13 MP: 3/3
   360 | D:1      | Reached XP level 2. HP: 10/20 MP: 0/5
   673 | D:1      | Learned a level 2 spell: Throw Frost
   970 | D:1      | Reached skill level 1 in Fighting
  1292 | D:2      | Reached XP level 3. HP: 22/26 MP: 2/6
  1613 | D:2      | Found a white marble altar of Elyvilon.
  2246 | D:3      | Found a glowing drain.
  2311 | Sewer    | Entered a sewer
  2345 | Sewer    | Reached skill level 1 in Polearms
  2364 | Sewer    | Reached XP level 4. HP: 30/34 MP: 0/7
  3989 | D:3      | Reached XP level 5. HP: 39/39 MP: 6/9
  4093 | D:3      | Reached skill level 4 in Dodging
  5515 | D:3      | Found a burning altar of Makhleb.
  5518 | D:3      | Noticed a balrug
  5521 | D:3      | Found a glowing silver altar of Zin.
  5521 | D:3      | Noticed an angel
  5832 | D:3      | Reached XP level 6. HP: 33/46 MP: 5/10
  5844 | D:3      | Found a bloodstained altar of Trog.
  7282 | D:3      | Reached skill level 5 in Dodging
  7381 | D:3      | HP: 2/47 [gnoll/spear (4)]
  7722 | D:3      | Reached XP level 7. HP: 52/52 MP: 9/11
  8721 | D:4      | Noticed esc's ghost (novice SpEn)
  9073 | D:3      | Learned a level 3 spell: Ozocubu's Armour
  9382 | D:4      | HP: 2/52 [esc's ghost (2)]
  9385 | D:4      | Succumbed to esc's ghost's poison

Vault maps used:
D:1:      minmay_arrival_wavy_path, st_stairs_4
D:2:      first_bread, elyvilon_altar_5
D:3:      minmay_goblin_kobold_castle, grunt_temple_overflow_order_and_chaos_2,
          lemuel_coloured_pillars_altar, portal_sewer_entry_c,
          minmay_goblin_kobold_house
D:4:      fountainhead
Sewer:    sewer_co_scattered_pipes

Action                   |  1- 3 |  4- 6 |  7- 9 || total
-------------------------+-------+-------+-------++-------
Melee: Hand axe          |     3 |    51 |       ||    54
       Spear             |    20 |   356 |       ||   376
       Trident           |       |    16 |     9 ||    25
 Fire: Blowgun           |       |   145 |    21 ||   166
       Hunting sling     |       |    69 |    28 ||    97
Throw: Stone             |    64 |    52 |       ||   116
 Cast: Freeze            |    66 |   101 |    18 ||   185
  Use: Scroll            |     1 |       |     1 ||     2
 Stab: Sleeping          |     2 |    17 |     1 ||    20
       Distracted        |       |     1 |     1 ||     2
  Eat: Chunk             |     5 |    16 |     2 ||    23
       Pizza             |       |     2 |       ||     2
       Beef jerky        |       |     1 |       ||     1
       Bread ration      |       |       |     1 ||     1
